 Dungeon Crawl Stone Soup version 0.31-a0-108-gdf935468f2 (webtiles) character file.

Game seed: 13946656995518915409

1067 hikkokomori the Shield-Bearer (level 8, -14/43 HPs)
             Began as a Vine Stalker Fighter on May 28, 2023.
             Killed from afar by an oklob plant (24 damage)
             ... with a splash of acid
             ... on level 5 of the Dungeon.
             The game lasted 00:11:14 (4616 turns).

hikkokomori the Shield-Bearer (VSFi)                Turns: 4616, Time: 00:11:15

Health: -14/43     AC:  0    Str: 20    XL:     8   Next: 28%
Magic:  0/8        EV:  9    Int:  7    God:
Gold:   265        SH: 11    Dex: 18    Spells: 7/7 levels left

rFire   . . .        i - +0 whip
rCold   . . .        c - +0 buckler
rNeg    + . .        b - +0 scale mail
rPois   .            k - +0 hat
rElec   .            r - scarf {shadows}
rCorr   .            (no gloves)
SInv    .            u - +0 pair of boots
Will    +....        h - amulet of reflection
Stlth   x              - ring of positive energy
HPRegen 1.07/turn    (no ring)
MPRegen 0.11/turn

%: reflection, guardian spirit
@: corroded
A: fangs 3, regeneration 1, magic shield, antimagic bite, no potion heal 2,
agile 1, low MP 1
a: no special abilities


You were on level 5 of the Dungeon.
You visited 1 branch of the dungeon, and saw 5 of its levels.

You collected 265 gold pieces.

Inventory:

Hand Weapons
 a - a +0 flail
 i - a +0 whip (weapon)
 y - a +4 dagger of protection
Missiles
 q - 6 poisoned darts (quivered)
Armour
 b - a +0 scale mail (worn)
 c - a +0 buckler (worn)
 k - a +0 hat (worn)
 r - a scarf of shadows (worn)
 u - a +0 pair of boots (worn)
Jewellery
 h - an amulet of reflection (around neck)
 x - a ring of positive energy (left hand)
Wands
 m - a wand of mindburst (4)
 o - a wand of roots (3)
 w - a wand of polymorph (1)
Scrolls
 f - 6 scrolls of teleportation
 j - 2 scrolls of enchant armour
 n - a scroll of enchant weapon
 p - a scroll of poison
 s - a scroll of fear
Potions
 d - a potion of might
 e - a potion of haste
 g - 2 potions of ambrosia
 l - a potion of mutation
 t - a potion of enlightenment
 v - a potion of heal wounds
 z - a potion of cancellation
 A - a potion of magic {unknown}
 B - a potion of degeneration {unknown}


   Skills:
 + Level 5.3 Fighting
 + Level 4.8 Maces & Flails
 - Level 2.5 Armour
 + Level 5.3 Shields
 + Level 2.8 Evocations


You had 7 spell levels left.
You didn't know any spells.
Your spell library was empty.

Dungeon Overview and Level Annotations

Branches:
Dungeon (5/15)
 Temple: D:4-7

Altars:
Ashenzari
Fedhas
Hepliaklqana
Nemelex Xobeh
Qazlal
Xom

Shops:
D:1 *

Annotations:
D:5 exclusion: oklob plant


Innate Abilities, Weirdness & Mutations

You have razor-sharp teeth.
Your natural rate of healing is unusually fast.
When hurt, damage is shared between your health and your magic reserves.
Your bite disrupts and absorbs the magic of your enemies.
Potions cannot restore your health.
You are agile. (Dex +4, Str/Int -1)
Your magical capacity is low. (-10% MP)


Message History

Why would you want to do that? Why would you want to do that?
Why would you want to do that?
An oklob plant comes into view.
Marking area around an oklob plant as unsafe for travelling.
You hit the plant.
The plant begins to die.
You bite the plant. You drain its power.
The plant is lightly damaged.
You hit the plant. You bite the plant. You drain its power.
The plant is lightly damaged.
You whack the plant! You bite the plant. You drain its power.
The plant is lightly damaged.
You hit the plant.
The plant is lightly damaged.
A nearby plant withers and dies.
You hit the plant.
The plant begins to die.
The plant is lightly damaged.
You hit the plant but do no damage. You bite the plant! You drain its power.
The plant is lightly damaged.
You hit the plant.
The plant is lightly damaged.
You hit the plant. You bite the plant! You drain its power.
The plant is lightly damaged.
You hit the plant.
The plant is lightly damaged.
You hit the plant.
The plant is lightly damaged.
A nearby plant withers and dies.
The oklob plant spits acid at you. The splash of acid hits you!!
The acid corrodes you! The oklob plant spits acid at you.
The splash of acid hits you!!
* * * LOW HITPOINT WARNING * * *
The acid corrodes you!
Sorry, you're not good enough to have a special ability.
Unknown command.
The oklob plant spits acid at you. The splash of acid hits you!!
Ouch! That really hurt!
You die... #.#####†.# ##........ #.#####..# #.......## #.....>[.# #.######## ############## #### #. #PP#PPPPPP.#PP# #. ##PP.PPPP# .PPP ## #PP....P.##.P#. #P..#P.PPPPPPP#

## #PP#PP#@..P....
#. #PPPPP...~~.~~.
#. ##PP#...~~~.≈≈~
#. #PPPP..~~≈~.~≈≈
#. #PPP..~~≈≈≈.~≈≈
#.
#.PPP.~~≈≈...~≈≈~.
##
#.PPP.~≈≈~._.~≈≈~.
#PPPP.~≈≈~...~≈≈~.
#P###.~~≈≈~~~≈≈~~P


You could see an oklob plant.

Vanquished Creatures
  Grinder (D:3)
  A water moccasin (D:5)
  An ice beast (D:5)
  An ogre (D:3)
  A phantom (D:5)
  A scorpion (D:4)
  A hound (D:4)
  An orc priest (D:4)
  A sleepcap (D:4)
  2 iguanas (D:5)
  Natasha (twice) (D:2)
  Ijyb (D:4)
  An orc wizard (D:5)
  4 gnolls (D:3)
  5 adders
  4 worms
  4 dart slugs
  14 orcs
  11 ball pythons
  10 endoplasms
  3 giant cockroaches
  5 goblins
  3 hobgoblins
  2 jackals (D:2)
  4 quokkas
  4 bats
  A frilled lizard (D:2)
  6 kobolds
  5 rats
100 creatures vanquished.

Notes
Turn   | Place    | Note
-------+----------+-------------------------------------------
     0 | D:1      | hikkokomori the Vine Stalker Fighter began the quest for
                  | the Orb.
     0 | D:1      | Reached XP level 1. HP: 11/11 MP: 2/2
    81 | D:1      | Found Bisemat's General Store.
   189 | D:1      | Reached XP level 2. HP: 16/16 MP: 3/3
   567 | D:1      | Found a faded altar of an unknown god.
   901 | D:2      | Reached XP level 3. HP: 20/20 MP: 4/4
  1189 | D:2      | Noticed Natasha
  1198 | D:2      | Killed Natasha
  1199 | D:2      | Gained mutation: Your natural rate of healing is unusually
                  | fast. [Vine Stalker growth]
  1199 | D:2      | Reached XP level 4. HP: 8/24 MP: 1/5
  1269 | D:2      | Noticed Natasha
  1272 | D:2      | Killed Natasha
  1566 | D:3      | Noticed Grinder
  1576 | D:3      | Killed Grinder
  1577 | D:3      | Reached XP level 5. HP: 3/29 MP: 0/6
  1577 | D:3      | Reached XP level 6. HP: 4/33 MP: 0/7
  1796 | D:3      | Found a stormy altar of Qazlal.
  1822 | D:3      | Found a sparkling altar of Nemelex Xobeh.
  2317 | D:4      | Noticed Ijyb
  2748 | D:4      | Killed Ijyb
  2800 | D:4      | Reached skill level 1 in Evocations
  2800 | D:4      | Reached XP level 7. HP: 35/38 MP: 8/8
  2936 | D:4      | Gained mutation: Your magical capacity is low. (-10% MP)
                  | [potion of mutation]
  2936 | D:4      | Gained mutation: You are agile. (Dex +4, Str/Int -1)
                  | [potion of mutation]
  3035 | D:4      | Found a hazy altar of Hepliaklqana.
  3606 | D:5      | Entered Level 5 of the Dungeon
  3714 | D:5      | Reached skill level 5 in Fighting
  3714 | D:5      | Reached skill level 5 in Shields
  3887 | D:5      | Found a shimmering altar of Xom.
  3898 | D:5      | Gained mutation: You have razor-sharp teeth. [Vine Stalker
                  | growth]
  3898 | D:5      | Reached XP level 8. HP: 43/43 MP: 8/8
  4062 | D:5      | Found a broken altar of Ashenzari.
  4580 | D:5      | Found a blossoming altar of Fedhas.
  4600 | D:5      | Noticed an oklob plant
  4616 | D:5      | Killed from afar by an oklob plant

Illustrated notes

Levels and vault maps discovered:
D:1:      lightli_arrival_quake, layout_loops_ring, serial_shops,
          nicolae_shop_just_a_little_nook,
          hellmonk_ecumenical_altar_leap_of_faith, nrook_campfire
D:2:      layout_basic, kennysheep_generic_room_12, uniq_natasha
D:3:      layout_basic, mainiacjoe_overflow_catwalk_spiral, uniq_grinder
D:4:      layout_gridville, kennysheep_mini_moat, uniq_ijyb
D:5:      layout_loops_cross, ashenzari_conservatory_becter,
          mainiacjoe_overflow_boulevard, tgw_fedhas

Skill      XL: |  1  2  3  4  5  6  7 |
---------------+----------------------+-----
Maces & Flails | 2 3 4 |  4.8
Fighting       | 3 4 5 |  5.3
Shields        | 3 4 5 |  5.3
Evocations     | 1 2 |  2.8
Armour         | |  2.5

Action                     |  1- 3 |  4- 6 |  7- 9 || total
---------------------------+-------+-------+-------++-------
  Melee: Flail             |     6 |       |       ||     6
         Whip              |   111 |   139 |   197 ||   447
         Bite              |    38 |    38 |    66 ||   142
         Unarmed           |       |    21 |       ||    21
  Evoke: Wand              |       |     6 |     3 ||     9
    Use: Scroll            |       |       |     8 ||     8
         Potion            |       |       |     3 ||     3
   Stab: Invisible         |       |       |     3 ||     3
 Armour: Scale mail        |    33 |    44 |    44 ||   121
  Dodge: Dodged            |    35 |    44 |    53 ||   132
  Block: Buckler           |    49 |    53 |    76 ||   178
         Reflection        |     1 |     1 |     3 ||     5
         Other             |       |     5 |       ||     5

Table legend: (Time is in decaauts)
 A = Elapsed time spent in this place.
 B = Non-inter-level travel time spent in this place.
 C = Inter-level travel time spent in this place.
 D = Time resting spent in this place.
 E = Time spent auto-exploring this place.
 F = Levels seen in this place.
 G = Mean time per level.
                   A        B        C        D        E       F      G
               +--------+--------+--------+--------+--------+-----+--------+
         Total |   4585 |   4450 |    135 |    114 |   3180 |   5 |  917.0 |
       Dungeon |   4585 |   4450 |    135 |    114 |   3180 |   5 |  917.0 |
               +--------+--------+--------+--------+--------+-----+--------+

Top non-repeatable levels by time:
     D:3: 1118 daAuts
     D:5: 1001 daAuts
     D:4: 966 daAuts
     D:1: 821 daAuts
     D:2: 677 daAuts
